 Dungeon Crawl Stone Soup version 0.26-a0-980-g0fe3eaa9ac (console) character file.

Game seed: 3479826105685133128

42412 jejorda2 the Peltast (level 13, 0/105 HPs)
             Began as a Pale Draconian Transmuter on Dec 5, 2020.
             Was the Champion of Okawaru.
             Killed from afar by a frost giant (61 damage)
             ... with a bolt of cold
             ... in an ice cave.
             The game lasted 00:57:30 (22941 turns).

jejorda2 the Peltast (Pale Draconian Transmuter)   Turns: 22941, Time: 00:57:31

Health: 0/105      AC: 15    Str: 12    XL:     13   Next: 85%
Magic:  18/18      EV: 12    Int: 19    God:    Okawaru [******]
Gold:   1224       SH: 24    Dex: 20    Spells: 16/17 levels left

rFire    + + +     SeeInvis .   a - +2 falchion (elec)
rCold    . . .     Faith    .   F - +0 tower shield {rF+}
rNeg     . . .     Spirit   .   (armour unavailable)
rPois    .         Reflect  +   D - +1 hat
rElec    .         Harm     .   N - +2 cloak of Quileg {rF+++ MR+ Str-3 Dex+2}
rCorr    .         Rampage  .   J - +0 pair of gloves {Str+3}
MR       +....     Clarity  +   m - +1 pair of boots
Stlth    ++........             B - amulet of reflection
HPRegen  0.27/turn              O - +6 ring of intelligence
MPRegen  0.16/turn              (no ring)

@: short of breath, slowed, very slow
A: breathe steam, unfitting armour, clarity, cold-blooded, AC +8
a: Breathe Steam, Heroism, Finesse, Renounce Religion


You were in an ice cave.
You worshipped Okawaru.
Okawaru was exalted by your worship.
You visited 3 branches of the dungeon, and saw 16 of its levels.
You also visited: Ossuary, Bailey and Ice Cave.

You collected 1224 gold pieces.

Inventory:

Hand Weapons
 a - a +2 falchion of electrocution (weapon)
 b - a +0 eveningstar
 L - a +0 long sword
Missiles
 c - 412 stones
 f - 36 poisoned darts (quivered)
 p - 8 boomerangs
 y - 18 javelins
Armour
 m - a +1 pair of boots (worn)
 C - a +0 pair of gloves
 D - a +1 hat (worn)
 F - a +0 tower shield of fire resistance (worn)
 J - a +0 pair of gloves of strength (worn)
 N - the +2 cloak of Quileg (worn) {rF+++ MR+ Str-3 Dex+2}
   (Okawaru gifted it to you on level 3 of the Lair of Beasts)

   It affects your strength (-3).
   It affects your dexterity (+2).
   It renders you almost immune to fire.
   It affects your resistance to hostile enchantments.
Jewellery
 B - an amulet of reflection (around neck)
 O - a +6 ring of intelligence (left hand)
Wands
 g - a wand of disintegration (4)
 i - a wand of flame (24)
 l - a wand of acid (2)
 u - a wand of enslavement (9)
 w - a wand of paralysis (16)
 x - a wand of iceblast (8)
 I - a wand of polymorph (10)
Scrolls
 s - 4 scrolls of remove curse
 A - 6 scrolls of teleportation
 E - a scroll of torment {unknown}
 G - 2 scrolls of blinking
 K - 2 scrolls of fear
 M - 2 scrolls of fog
Potions
 d - 2 potions of haste
 e - 4 potions of brilliance
 h - a potion of heal wounds
 j - 3 potions of magic
 k - 8 potions of curing
 n - a potion of lignification {unknown}
 q - 6 potions of might
 r - a potion of attraction
 t - 3 potions of flight
 v - a potion of resistance
 z - 4 potions of mutation
 H - a potion of invisibility
Miscellaneous
 o - a condenser vane


   Skills:
 + Level 7.0 Fighting
 - Level 14.0 Long Blades
 + Level 3.4 Dodging
 * Level 15.4 Shields
 - Level 4.0 Unarmed Combat
 - Level 2.6 Spellcasting
 - Level 3.0 Transmutations
 - Level 1.3 Poison Magic
 - Level 7.0 Invocations
 - Level 4.0 Evocations


You had 16 spell levels left.
You knew the following spells:

 Your Spells              Type           Power        Failure   Level
a - Beastly Appendage     Tmut           ##....       16%         1

Your spell library contained the following spells:

 Spells                   Type           Power        Failure   Level
 Wereblood                Tmut           ##......     24%         2
 Summon Small Mammal      Summ           #...         50%         1
 Spider Form              Tmut/Pois      ##........   54%         3
 Call Imp                 Summ           #.......     63%         2
 Corpse Rot               Necr/Air       N/A          63%         2
 Sublimation of Blood     Necr           #.........   63%         2
 Call Canine Familiar     Summ           #.......     86%         3
 Summon Guardian Golem    Hex/Summ       #.......     86%         3
 Ice Form                 Ice/Tmut       #.......     96%         4
 Dispel Undead            Necr           #.......     99%         4
 Summon Ice Beast         Ice/Summ       #.......     99%         4
 Summon Lightning Spire   Summ/Air       #.......     99%         4
 Blade Hands              Tmut           ##........   99%         5
 Agony                    Necr           #.......     100%        5
 Excruciating Wounds      Necr           #.........   100%        5


Dungeon Overview and Level Annotations

Branches:
Dungeon (11/15)            Temple (1/1) D:5            Lair (4/6) D:9
  Swamp (0/4) Lair:2        Snake (0/4) Lair:2          Orc (0/2) D:9
Ossuary (visited)          Bailey (visited)           IceCv (1/1)

Altars:
Dithmenos
Fedhas
Gozag
Hepliaklqana
Makhleb
Okawaru
Qazlal
Ru
Trog
Xom
Zin
The Shining One

Shops:
D:6 :   D:10 (

Annotations:
D:6 2 runed translucent doors, Sobieck's ghost, novice GrFi
D:7 2 runed translucent doors, Copingsaw's ghost, novice OpFi; Harold


Innate Abilities, Weirdness & Mutations

You can breathe blasts of scalding, opaque steam.
Your pale cyan-grey scales are hard. (AC +8)
You cannot fit into any form of body armour.
You are cold-blooded and may be slowed by cold attacks.
You possess an exceptional clarity of mind.


Message History

You exhale a blast of scalding steam.
The ball of steam hits the polar bear.
The polar bear is heavily wounded.
You block the polar bear's attack.
The polar bear claws you but does no damage.
You block the polar bear's attack.
The frost giant is engulfed in a cloud of scalding steam.
The polar bear is engulfed in a cloud of scalding steam.
The polar bear bites you but does no damage.
The polar bear barely misses you. The polar bear closely misses you.
Unknown command.
You see here 12 gold pieces.
You feel much better.
The polar bear goes berserk!
The polar bear bites you! You block the polar bear's attack. x2
Unknown command.
You fail to use your ability.
You block the polar bear's attack. x2
The polar bear closely misses you. The frost giant casts a spell at you.
The bolt of cold hits you!!!
Ouch! That really hurt!
You die...

## #...# .## ##..#
##≈°##≈≈≈####.###
###§§###≈≈≈##..#### ###
###.°.##≈≈≈≈≈≈##...##
###.#####..##§#≈≈≈≈≈≈≈≈#..###
###..#.##..#.#§≈≈≈≈≈≈≈≈≈≈###..#
#..####..####h#C##≈≈≈≈≈≈≈##..##
###..# #######.@##≈≈≈≈≈≈≈##..###
##...## ###...#### #≈≈≈####...#
#..⌠..###...#....######≈≈≈####..#
##...###..####.....##..##≈≈##.#..
##......## ##.....†######≈†#...
######## ######## #######


You could see a frost giant and a polar bear (berserk).

Vanquished Creatures
  Snorg (Lair:3)
  3 hydras
  A catoblepas (Lair:2)
  4 two-headed ogres
  6 death yaks
  2 orc knights (Bailey)
  An oklob plant (Lair:1)
  An ugly thing (D:11)
  7 elephants
  A black mamba (Lair:3)
  An ice statue (IceCv)
  2 centaur skeletons (D:11)
  9 cane toads
  2 ice devils (Lair:4)
  7 komodo dragons
  2 trolls
  16 polar bears (IceCv)
  A harpy skeleton (D:11)
  6 blink frogs
  A dream sheep (Lair:2)
  2 spriggans
  4 wyverns
  39 yaks
  2 basilisks
  2 nagas (Lair:2)
  Edmund (D:6)
  7 water moccasins
  12 orc warriors
  2 black bears
  3 ice beasts
  4 ogres
  3 phantoms
  9 centaurs
  38 wolves
  2 elf zombies (Ossuary)
  11 bullfrogs
  A wyvern zombie (D:10)
  A scorpion (D:10)
  8 killer bees
  17 wights
  An electric eel (Lair:2)
  4 howler monkeys
  4 jellies
  4 bullfrog zombies
  2 quasits
  2 centaur zombies
  A human zombie (Ossuary)
  3 bullfrog skeletons
  5 hounds
  6 orc priests
  9 orc wizards
  2 iguanas
  Jessica (D:2)
  Terence (D:2)
  Natasha (thrice) (D:2)
  8 worker ants
  A killer bee zombie (D:5)
  3 big kobold zombies (Ossuary)
  3 hound zombies
  3 mummies (Ossuary)
  3 hound skeletons
  A worker ant zombie (D:6)
  Robin (D:4)
  6 adders
  2 white imps
  3 ufetubi
  An ooze (D:2)
  3 adder zombies (Ossuary)
  2 adder skeletons
  3 worms
  4 dart slugs
  8 leopard geckos
  44 orcs
  A ball python (D:1)
  5 giant cockroaches
  7 hobgoblins
  7 jackals
  2 quokkas (D:10)
  8 bats
  7 frilled lizards
  A gnoll zombie (Ossuary)
  17 goblins
  2 hobgoblin zombies (Ossuary)
  6 jackal zombies
  4 kobolds
  3 kobold zombies (Ossuary)
  A leopard gecko skeleton (D:6)
  An orc zombie (Ossuary)
  4 quokka zombies (Ossuary)
  10 rats
  6 rat zombies (Ossuary)
481 creatures vanquished.

Vanquished Creatures (others)
  2 yaks (IceCv)
  21 fungi
  91 plants
114 creatures vanquished.

Grand Total: 595 creatures vanquished

Notes
Turn   | Place    | Note
-------+----------+-------------------------------------------
     0 | D:1      | jejorda2 the Draconian Transmuter began the quest for the
                  | Orb.
     0 | D:1      | Reached XP level 1. HP: 16/16 MP: 3/3
   258 | D:1      | Reached XP level 2. HP: 23/23 MP: 3/5
  1110 | D:2      | Noticed Natasha
  1118 | D:2      | Noticed a crimson imp
  1122 | D:2      | Killed Natasha
  1123 | D:2      | Reached XP level 3. HP: 6/29 MP: 6/6
  1374 | D:2      | Learned a level 3 spell: Spider Form
  1407 | D:2      | Noticed Terence
  1429 | D:2      | Killed Terence
  1430 | D:2      | Reached XP level 4. HP: 23/36 MP: 3/7
  1551 | D:2      | Noticed Natasha
  1561 | D:2      | Killed Natasha
  1562 | D:2      | Reached skill level 1 in Poison Magic
  1806 | D:2      | Noticed Natasha
  1812 | D:2      | Killed Natasha
  1862 | D:2      | Found a glowing golden altar of the Shining One.
  1986 | D:2      | Reached XP level 5. HP: 41/41 MP: 8/8
  2161 | D:2      | Noticed Jessica
  2170 | D:2      | Killed Jessica
  2171 | D:2      | Reached skill level 1 in Long Blades
  2648 | D:3      | Reached skill level 1 in Shields
  3542 | D:4      | Reached XP level 6. HP: 50/50 MP: 9/9
  3689 | D:4      | Found a hazy altar of Hepliaklqana.
  3876 | D:4      | Found a burning altar of Makhleb.
  4021 | D:4      | Reached skill level 2 in Shields
  4312 | D:4      | Noticed Robin
  4326 | D:4      | Killed Robin
  4451 | D:5      | Entered Level 5 of the Dungeon
  4525 | D:5      | Found a staircase to the Ecumenical Temple.
  4550 | Temple   | Entered the Ecumenical Temple
  4578 | Temple   | Became a worshipper of Warmaster Okawaru
  4628 | D:5      | Got a masterwork short sword
  4648 | D:5      | Your scales start taking on a pale cyan-grey colour.
  4648 | D:5      | Reached XP level 7. HP: 57/58 MP: 10/10
  5496 | D:6      | Found a stormy altar of Qazlal.
  5581 | D:5      | Reached * piety under Okawaru
  5582 | D:5      | Reached skill level 3 in Shields
  5918 | D:6      | Reached skill level 5 in Long Blades
  6129 | D:6      | Reached XP level 8. HP: 36/67 MP: 11/11
  6406 | D:6      | Noticed a troll
  6417 | D:6      | Killed a troll
  6418 | D:6      | Reached skill level 5 in Fighting
  6418 | D:6      | Reached skill level 4 in Shields
  6418 | D:6      | Reached skill level 1 in Invocations
  6562 | D:6      | Found Gejuysopile's Book Shop.
  6570 | D:6      | Found a large runed translucent door.
  6571 | D:6      | Found a large runed translucent door.
  6572 | D:6      | Noticed Sobieck's ghost (novice GrFi)
  6955 | D:6      | Reached ** piety under Okawaru
  7277 | D:6      | Noticed Edmund
  7293 | D:6      | Killed Edmund
  7294 | D:6      | Reached XP level 9. HP: 65/75 MP: 12/12
  7776 | D:7      | Found a large runed translucent door.
  7778 | D:7      | Found a large runed translucent door.
  7780 | D:7      | Noticed Copingsaw's ghost (novice OpFi)
  7849 | D:7      | Found a sand-covered staircase.
  7997 | Ossuary  | Entered an ossuary
  8200 | Ossuary  | Reached skill level 5 in Invocations
  8321 | Ossuary  | Identified the cursed +0 short sword of Qepporeaje {venom,
                  | *Contam rN+ Dex+4} (You found it on level 5 of the Dungeon)
  8420 | Ossuary  | Reached *** piety under Okawaru
  8490 | D:7      | Found a blossoming altar of Fedhas.
  8935 | D:7      | Found a shadowy altar of Dithmenos.
  9186 | D:7      | Noticed Harold
  9329 | D:8      | Found a flagged portal.
  9357 | D:8      | Noticed a two-headed ogre
  9380 | D:8      | Killed a two-headed ogre
  9380 | D:8      | Reached **** piety under Okawaru
  9381 | D:8      | Reached skill level 10 in Long Blades
  9381 | D:8      | Reached XP level 10. HP: 49/83 MP: 12/14
  9531 | Bailey   | Entered a bailey
  9602 | Bailey   | Noticed an orc knight
  9671 | Bailey   | Noticed an orc knight
  9701 | Bailey   | Killed an orc knight
  9771 | Bailey   | Found the +8 orange crystal plate armour {Archmagi, Int+3
                  | Clar}
  9807 | Bailey   | Killed an orc knight
  9924 | D:8      | You fall into a shaft and drop 2 floors!
  9924 | D:10     | Entered Level 10 of the Dungeon
 10043 | D:10     | Reached skill level 5 in Shields
 10118 | D:10     | Found Ygryagips's Weapon Emporium.
 10551 | D:8      | Noticed a two-headed ogre
 10566 | D:8      | Killed a two-headed ogre
 10566 | D:8      | Reached ***** piety under Okawaru
 10567 | D:8      | Reached skill level 6 in Shields
 10689 | D:8      | Received a gift from Okawaru
 10690 | D:8      | Reached skill level 7 in Shields
 10690 | D:8      | Reached XP level 11. HP: 82/89 MP: 16/16
 11746 | D:9      | Found a staircase to the Orcish Mines.
 11817 | D:9      | Reached skill level 8 in Shields
 11885 | D:9      | Noticed a death yak
 11886 | D:9      | Noticed a death yak
 11887 | D:9      | Noticed a death yak
 11889 | D:9      | Noticed a death yak
 11927 | D:9      | Noticed a death yak
 11932 | D:9      | Killed a death yak
 11938 | D:9      | Killed a death yak
 11951 | D:9      | Killed a death yak
 11952 | D:9      | Reached skill level 9 in Shields
 11966 | D:9      | Killed a death yak
 12023 | D:8      | Killed a death yak
 12474 | D:9      | Found a staircase to the Lair.
 12477 | D:9      | Noticed a two-headed ogre
 12529 | D:9      | Killed a two-headed ogre
 12530 | D:9      | Reached skill level 10 in Shields
 12530 | D:9      | Reached skill level 1 in Evocations
 13733 | D:10     | Gained mutation: You possess an exceptional clarity of
                  | mind. [mutagenic glow]
 14217 | D:11     | Noticed a two-headed ogre
 14240 | D:11     | Killed a two-headed ogre
 14435 | D:11     | Reached XP level 12. HP: 74/96 MP: 17/17
 15108 | D:11     | Reached skill level 11 in Shields
 15930 | Lair:1   | Entered Level 1 of the Lair of Beasts
 16406 | Lair:1   | Found a sacrificial altar of Ru.
 16472 | Lair:1   | Noticed a five-headed hydra
 16485 | Lair:1   | Killed a five-headed hydra
 16485 | Lair:1   | Received a gift from Okawaru
 16604 | Lair:1   | Found a shimmering altar of Xom.
 16981 | Lair:2   | Noticed a catoblepas
 17073 | Lair:2   | Found a staircase to the Snake Pit.
 17116 | Lair:2   | Found a staircase to the Swamp.
 17127 | Lair:2   | Noticed an eight-headed hydra
 17139 | Lair:2   | Killed an eight-headed hydra
 17140 | Lair:2   | Reached skill level 12 in Shields
 17446 | Lair:2   | Noticed a seven-headed hydra
 17719 | Lair:2   | Killed a catoblepas
 17870 | Lair:2   | Killed a seven-headed hydra
 18794 | Lair:2   | Reached skill level 13 in Shields
 18923 | Lair:3   | Reached XP level 13. HP: 45/102 MP: 18/18
 19166 | Lair:3   | Noticed Snorg
 19182 | Lair:3   | Killed Snorg
 19182 | Lair:3   | Received a gift from Okawaru
 19183 | Lair:3   | Got a smouldering cloak {god gift}
 19194 | Lair:3   | Identified the +2 cloak of Quileg {rF+++ MR+ Str-3 Dex+2}
                  | (Okawaru gifted it to you on level 3 of the Lair of Beasts)
 19697 | Lair:3   | Reached ****** piety under Okawaru
 19873 | Lair:3   | Reached skill level 14 in Shields
 21690 | Lair:4   | Found a frozen archway.
 21699 | IceCv    | Entered an ice cave
 22157 | IceCv    | Reached skill level 15 in Shields
 22217 | IceCv    | Received a gift from Okawaru
 22936 | IceCv    | Noticed a frost giant
 22941 | IceCv    | Killed from afar by a frost giant

Illustrated notes

Levels and vault maps discovered:
D:1:      minmay_arrival_five_plusses, layout_loops_ring, minmay_tripent
D:2:      layout_basic, tso_oasis_becter, minmay_goblin_kobold_house,
          uniq_jessica, uniq_natasha, uniq_terence
D:3:      layout_basic, chequers_serial_rivers_small_3
D:4:      layout_gridville, lemuel_coloured_pillars_altar, lemuel_round_altar,
          uniq_robin
D:5:      layout_basic, minmay_temple_entry_waves, kennysheep_generic_room_10
D:6:      minmay_chambers_of_threes, layout_basic,
          nicolae_qazlal_general_emergency, ebering_ghost_disaster_area,
          serial_shops, shop_statue, uniq_edmund
D:7:      layout_loops_cross, nicolae_overflow_hidden_temple,
          overflow_temple_1_default, lightli_ossuary_entry_decrepit_ruins,
          ebering_ghost_disaster_area, uniq_harold
D:8:      layout_loops_ring, enter_bailey_5
D:9:      layout_irregular_city, dpeg_lair_monsters, david_orc_2
D:10:     layout_long_grid, serial_shops, nicolae_shop_behind_doors
D:11:     layout_layer_cave
Temple:   regret_index_temple_sphere_string
Lair:1:   layout_loops_ring, basic_altar, lemuel_oklob_altar
Lair:2:   wad_woods_tower, layout_loops_ring, swamp_mist_pool,
          guppyfry_snake_entry_garden, chequers_serial_rivers_small_3
Lair:3:   layout_cave_pods, grunt_forest_large_clearings, grunt_megastairs_3,
          uniq_snorg
Lair:4:   layout_loops_ring, portal_ice_cave_demonic_guard, serial_bayou_shore_a
IceCv:    ice_cave_caverns_02

Skill      XL: |  1  2  3  4  5  6  7  8  9 10 11 12 13 |
---------------+----------------------------------------+-----
Fighting       | 2 3 4 6 7 |  7.0
Transmutations | 3 |  3.0
Poison Magic   | 1 |  1.3
Unarmed Combat | 4 |  4.0
Long Blades    | 2 3 5 7 10 11 12 13 14 | 14.0
Shields        | 1 2 3 4 7 10 13 15 | 15.4
Invocations    | 3 6 7 |  7.0
Evocations     | 2 4 |  4.0
Dodging        | 3 |  3.4
Spellcasting   | |  2.6

Action                   |  1- 3 |  4- 6 |  7- 9 | 10-12 | 13-15 || total
-------------------------+-------+-------+-------+-------+-------++-------
Melee: Unarmed           |    87 |    22 |       |       |       ||   109
       Headbutt          |     8 |     4 |       |       |       ||    12
       Tailslap          |    11 |    19 |    88 |   190 |   120 ||   428
       Kick              |    12 |     7 |       |       |       ||    19
       Falchion          |       |   127 |   375 |   410 |   632 ||  1544
       Punch             |       |     2 |       |       |       ||     2
       Short sword       |       |       |   165 |   546 |       ||   711
       Eveningstar       |       |       |       |     9 |       ||     9
       Long sword        |       |       |       |       |    25 ||    25
Throw: Throwing net      |     1 |       |       |       |       ||     1
       Dart              |       |     1 |     4 |    11 |     1 ||    17
       Javelin           |       |       |       |     6 |     1 ||     7
       Boomerang         |       |       |       |    21 |     1 ||    22
 Cast: Beastly Appendage |    16 |     4 |       |       |       ||    20
       Spider Form       |     1 |       |       |       |       ||     1
Invok: Heroism           |       |       |     3 |    12 |     2 ||    17
       Finesse           |       |       |       |     3 |     2 ||     5
 Abil: Breathe Steam     |       |       |     5 |    29 |     8 ||    42
Evoke: Wand              |       |       |       |    14 |       ||    14
  Use: Scroll            |       |     7 |     6 |     8 |     2 ||    23
       Potion            |       |       |       |     2 |     1 ||     3
 Stab: Sleeping          |     1 |     3 |     2 |     8 |       ||    14
       Distracted        |       |       |     1 |     1 |       ||     2
Armor: Skin              |    20 |    40 |   116 |    96 |    96 ||   368
Dodge: Dodged            |    49 |    99 |   186 |   137 |   100 ||   571
Block: Buckler           |       |    11 |   219 |    26 |       ||   256
       Reflection        |       |       |     3 |    11 |     2 ||    16
       Tower shield      |       |       |       |   585 |   599 ||  1184
       Rpst.: Falchion   |       |    37 |    47 |    15 |    19 ||   118

Table legend: (Time is in decaauts)
 A = Elapsed time spent in this place.
 B = Non-inter-level travel time spent in this place.
 C = Inter-level travel time spent in this place.
 D = Time resting spent in this place.
 E = Time spent auto-exploring this place.
 F = Levels seen in this place.
 G = Mean time per level.
                   A        B        C        D        E       F      G
               +--------+--------+--------+--------+--------+-----+--------+
         Total |  22410 |  21781 |    629 |   1355 |  15895 |  19 | 1179.5 |
       Dungeon |  14829 |  14315 |    514 |    578 |  10986 |  11 | 1348.1 |
        Temple |     42 |     29 |     13 |      0 |     20 |   1 |   42.0 |
          Lair |   5595 |   5493 |    102 |    300 |   4320 |   4 | 1398.8 |
       Ossuary |    450 |    450 |      0 |     48 |    142 |   1 |  450.0 |
        Bailey |    355 |    355 |      0 |     78 |     50 |   1 |  355.0 |
      Ice Cave |   1136 |   1136 |      0 |    350 |    376 |   1 | 1136.0 |
               +--------+--------+--------+--------+--------+-----+--------+

Top non-repeatable levels by time:
  Lair:2: 2157 daAuts
     D:6: 2064 daAuts
  Lair:3: 2010 daAuts
     D:8: 1890 daAuts
     D:2: 1631 daAuts
    D:11: 1622 daAuts
     D:9: 1299 daAuts
    D:10: 1195 daAuts
     D:5: 1145 daAuts
   IceCv: 1136 daAuts
     D:7: 1132 daAuts
  Lair:1: 1091 daAuts
     D:1: 1058 daAuts
     D:4: 951 daAuts
     D:3: 839 daAuts
